 Dungeon Crawl Stone Soup version 0.19.4-8-ga85b6b9 (webtiles) character file.

46 Gargoyl the Skirmisher (level 3, -1/33 HPs)
             Began as a Ghoul Abyssal Knight on Feb 9, 2017.
             Was a Follower of Lugonu.
             Slain by Ijyb
             ... wielding a +6 club
              (6 damage)
             ... on level 2 of the Dungeon.
             The game lasted 00:02:54 (1216 turns).

Gargoyl the Skirmisher (Ghoul Abyssal Knight)       Turns: 1216, Time: 00:02:55

Health: -1/33      AC:  4    Str: 15    XL:     3   Next: 68%
Magic:  3/3        EV: 11    Int:  7    God:    Lugonu [*.....]
Gold:   87         SH:  0    Dex:  9    Spells: 0 memorised, 2 levels left

rFire  . . .     SeeInvis .     d - +2 battleaxe (chop)
rCold  + . .     Gourm    .     b - +0 leather armour
rNeg   + + +     Faith    .     (shield currently unavailable)
rPois  ∞         Spirit   .     (no helmet)
rElec  .         Reflect  .     q - +0 cloak
rCorr  +         Harm     .     (no gloves)
MR     .....                    (no boots)
Stlth  +.........               (no amulet)
                                (no ring)
                                e - ring of resist corrosion

@: rotting
A: rotting body, claws 1, carnivore 3, cold resistance 1, negative energy
resistance 3, slow regeneration 1, torment resistance, unbreathing
a: Depart the Abyss, Renounce Religion


You were on level 2 of the Dungeon.
You worshipped Lugonu.
Lugonu was aware of your devotion.
You were not hungry.

You visited 1 branch of the dungeon, and saw 2 of its levels.
You visited the Abyss 1 time.

You collected 87 gold pieces.

Inventory:

Hand Weapons
 a - a +1 hand axe
 d - a +2 battleaxe of chopping (weapon)
Armour
 b - a +0 leather armour (worn)
 q - a +0 cloak (worn)
Jewellery
 e - a ring of resist corrosion (left claw)
Scrolls
 j - 2 scrolls of remove curse {unknown}
 k - 3 scrolls of identify
 s - a scroll of fear
 t - a scroll of magic mapping {unknown}
 u - a scroll of teleportation {unknown}
Potions
 f - a potion of berserk rage {unknown}
 g - a potion of might {unknown}
 h - a potion of resistance {unknown}
 i - a potion of invisibility {unknown}
 n - a potion of curing {unknown}
 o - a potion of lignification {unknown}
 p - a potion of mutation {unknown}
Comestibles
 c - 5 meat rations
 l - a beef jerky
 m - 4 chunks of flesh
 r - a slice of pizza


   Skills:
 + Level 3.7 Fighting
 + Level 2.1 Axes
 * Level 2.4 Armour
 + Level 1.3 Dodging
 * Level 2.4 Invocations


You had 2 spell levels left.
You didn't know any spells.

Dungeon Overview and Level Annotations

Branches:
Dungeon (2/15)

Altars:

Annotations:
D:2 Ijyb


Innate Abilities, Weirdness & Mutations

Your body is rotting away.
You thrive on raw meat.
You are immune to poison.
You have sharp fingernails.
You are carnivorous and can eat meat at any time.
Your flesh is cold resistant. (rC+)
You are immune to negative energy. (rN+++)
You regenerate slowly when monsters are visible.
You are immune to unholy pain and torment.
You can survive without breathing.


Message History

You barely miss Ijyb.
Ijyb is almost dead.
Ijyb misses you.
You barely miss Ijyb.
Ijyb is almost dead.
Ijyb hits you with an enchanted club. x2
You hit Ijyb but do no damage.
Ijyb is almost dead.
Ijyb hits you with an enchanted club.
You barely miss Ijyb.
Ijyb is almost dead.
Ijyb hits you with an enchanted club.
* * * LOW HITPOINT WARNING * * *
You completely miss Ijyb.
Ijyb is almost dead.
Ijyb hits you but does no damage. Ijyb barely misses you.
You completely miss Ijyb.
Ijyb is almost dead.
Ijyb hits you with an enchanted club.
You die...

##########
#.....>..###
#...........
#######.###.######
#.....#.#.....####
#.#..(..#<........
#.........#.#(##.#
#@#.###.###.#.##.#
#g#..............#
#.#####.##########
#.. ...# ### ###.#
#.# #>. ###


You could see Ijyb.

Vanquished Creatures
  2 adders (D:2)
  A worm (D:2)
  3 goblins
  4 hobgoblins
  6 kobolds
  A ball python (D:1)
  6 bats
  3 rats (D:2)
26 creatures vanquished.

Notes
Turn   | Place    | Note
-------+----------+-------------------------------------------
     0 | Abyss:1  | Gargoyl the Ghoul Abyssal Knight began the quest for the Orb.
     0 | Abyss:1  | Reached XP level 1. HP: 19/19 MP: 1/1
    36 | Abyss:1  | Found a corrupted altar of Lugonu.
    80 | Abyss:1  | Noticed an ettin zombie
   100 | Abyss:1  | Noticed a small abomination
   127 | Abyss:1  | Noticed a wretched star
   193 | Abyss:2  | Noticed a red devil
   193 | Abyss:2  | Noticed a sun demon
   193 | D:1      | Escaped the Abyss
   292 | D:1      | Reached skill level 1 in Dodging
   372 | D:1      | Reached XP level 2. HP: 26/26 MP: 2/2
   966 | D:2      | Reached XP level 3. HP: 31/31 MP: 3/3
  1012 | D:2      | Reached * piety under Lugonu
  1205 | D:2      | Noticed Ijyb
  1216 | D:2      | Slain by Ijyb

Skill      XL: |  1  2  3 |
---------------+----------+-----
Dodging        | 1 |  1.3
Armour         | 2 |  2.4
Axes           | 2 |  2.1
Fighting       | |  3.7
Invocations    | |  2.4

Action                   || total
-------------------------++-------
Melee: Battleaxe         ||    88
Invok: Depart the Abyss  ||     1
  Use: Scroll            ||     2
  Eat: Chunk             ||    20
Armor: Leather armour    ||    36
Dodge: Dodged            ||    68
